 Dungeon Crawl Stone Soup version 0.28.0-43-g3370ac3207 (webtiles) character file.

Game seed: 3042520441920102918

224 themarg the Frost Mage (level 6, -8/44 HPs)
             Began as a Gnoll Wanderer on Mar 20, 2022.
             Killed by divine providence
             ... invoked by an orc priest
              (12 damage)
             ... on level 3 of the Dungeon.
             The game lasted 00:08:07 (3415 turns).

themarg the Frost Mage (Gnoll Wanderer)             Turns: 3415, Time: 00:08:07

Health: -8/44      AC: 11    Str: 14    XL:     6   Next: 0%
Magic:  10/10      EV:  6    Int: 10    God:
Gold:   89         SH:  0    Dex: 18    Spells: 10/11 levels left

rFire   . . .      SeeInvis .   g - +1 dagger (drain)
rCold   . . .      Faith    .   (no shield)
rNeg    . . .      Spirit   .   f - +0 chain mail
rPois   .          Reflect  .   (no helmet)
rElec   .          Harm     .   (no cloak)
rCorr   .          Rampage  .   q - +1 pair of gloves
Will    .....                   e - +0 pair of boots
Stlth   ..........              (no amulet)
HPRegen 0.14/turn               h - +6 ring of dexterity
MPRegen 0.12/turn               (no ring)

@: no status effects
A: fangs 1, strong nose, distributed training
a: no special abilities


You were on level 3 of the Dungeon.
You visited 1 branch of the dungeon, and saw 3 of its levels.

You collected 89 gold pieces.

Inventory:

Hand Weapons
 a - a +0 hand axe
 c - a +0 dagger
 g - a +1 dagger of draining (weapon)
Missiles
 b - 12 poisoned darts (quivered)
Armour
 d - a +0 leather armour
 e - a +0 pair of boots (worn)
 f - a +0 chain mail (worn)
 q - a +1 pair of gloves (worn)
Jewellery
 h - a +6 ring of dexterity (left hand)
 r - a ring of ice
 t - a ring of willpower
Scrolls
 i - 2 scrolls of identify {unknown}
 j - 4 scrolls of teleportation {unknown}
 l - a scroll of enchant armour {unknown}
 o - a scroll of vulnerability {unknown}
 p - a scroll of fog {unknown}
 s - a scroll of magic mapping {unknown}
Potions
 k - 3 potions of curing {unknown}
 m - 3 potions of degeneration {unknown}
 n - a potion of berserk rage {unknown}


   Skills:
 + Level 1.7 Fighting
 + Level 1.7 Short Blades
 + Level 1.7 Long Blades
 + Level 3.1 Axes
 + Level 1.7 Maces & Flails
 + Level 1.7 Polearms
 + Level 1.7 Staves
 + Level 1.7 Slings
 + Level 1.7 Bows
 + Level 1.7 Crossbows
 + Level 6.7 Throwing
 + Level 1.7 Armour
 + Level 1.7 Dodging
 + Level 1.7 Stealth
 + Level 1.7 Shields
 + Level 1.7 Unarmed Combat
 + Level 3.3 Spellcasting
 + Level 1.3 Conjurations
 + Level 1.3 Hexes
 + Level 1.3 Summonings
 + Level 1.3 Necromancy
 + Level 1.3 Translocations
 + Level 1.3 Transmutations
 + Level 1.3 Fire Magic
 + Level 8.9 Ice Magic
 + Level 1.3 Air Magic
 + Level 1.3 Earth Magic
 + Level 1.3 Poison Magic
 + Level 1.9 Invocations
 + Level 1.7 Evocations


You had 10 spell levels left.
You knew the following spells:

 Your Spells              Type           Power      Damage    Failure   Level
a - Freeze                Ice            76%        1d9       19%         1

Your spell library contained the following spells:

 Spells                   Type           Power      Damage    Failure   Level
 Hailstorm                Conj/Ice       11%        3d5       100%        4
 Ice Form                 Ice/Tmut       11%        N/A       100%        4


Dungeon Overview and Level Annotations

Branches:
Dungeon (3/15)

Altars:

Annotations:
D:2 1 runed translucent door, Crazy Yiuf


Innate Abilities, Weirdness & Mutations

You have very sharp teeth.
Your uncanny sense of smell can sniff out nearby items.
Your experience applies equally to all skills.


Message History

You closely miss the orc priest.
The orc priest is almost dead.
The orc priest barely misses you.
You hit the orc priest but do no damage.
The orc priest is almost dead.
The orc priest calls down the wrath of Beogh upon you.
You barely resist.
You hit the orc priest but do no damage.
Your punch misses the orc priest. Your bite misses the orc priest.
The orc priest is almost dead.
The orc priest hits you with a +0 mace of protection.
The orc hits you but does no damage.
You hit the orc priest but do no damage.
You bite the orc priest, but do no damage.
The orc priest is almost dead.
The orc priest calls down the wrath of Beogh upon you.
Pain shoots through your body!
* * * LOW HITPOINT WARNING * * *
The hobgoblin seems less drained.
The orc priest calls down the wrath of Beogh upon you.
Beogh smites you!
* * * LOW HITPOINT WARNING * * *
You hit the orc but do no damage. You drain the orc.
You bite the orc, but do no damage.
The orc is heavily wounded.
The orc hits you with a +0 hand axe.
* * * LOW HITPOINT WARNING * * *
You barely miss the orc.
The orc is heavily wounded.
The orc hits you with a +0 hand axe.
* * * LOW HITPOINT WARNING * * *
You barely miss the orc. You bite the orc, but do no damage.
The orc is heavily wounded.
The orc hits you but does no damage.
The orc priest hits you but does no damage.
The orc priest calls upon Beogh to heal the orc.
The orc's wounds heal themselves!
The orc priest calls down the wrath of Beogh upon you.
Beogh smites you!
You die...

## #. #. #. #### #. ∆
..# #. ########.## #.
#...@o.go.# #.
#.######..##########.
#>.....)..........
#.###..##########.
#.###..##########. ..
#................. .
#.###..##########. #.
#.# #.[##########.
###' #o#
#.........<.#.


You could see an orc priest (drained), an orc (drained) and a hobgoblin.

Vanquished Creatures
  An orc priest (D:3)
  Natasha (thrice) (D:2)
  2 adders
  3 gnolls (D:2)
  A worm (D:2)
  3 dart slugs
  7 orcs (D:3)
  5 endoplasms
  A giant cockroach (D:1)
  4 goblins
  2 hobgoblins (D:1)
  2 quokkas (D:1)
  6 ball pythons
  3 bats
  3 frilled lizards
  8 kobolds
  7 rats
61 creatures vanquished.

Notes
Turn   | Place    | Note
-------+----------+-------------------------------------------
     0 | D:1      | themarg the Gnoll Wanderer began the quest for the Orb.
     0 | D:1      | themarg set off with the following items: a +0 hand axe, 10
                  | poisoned darts, a +0 dagger, a +0 leather armour; and the
                  | following spell memorised: Freeze; and the following spells
                  | available to memorise: Hailstorm, Ice Form
     0 | D:1      | Reached XP level 1. HP: 13/13 MP: 4/4
   555 | D:1      | Reached XP level 2. HP: 16/19 MP: 5/5
  1281 | D:1      | Reached XP level 3. HP: 20/25 MP: 7/7
  1507 | D:2      | Noticed Natasha
  1514 | D:2      | Killed Natasha
  1515 | D:2      | Reached skill level 1 in Fighting
  1515 | D:2      | Reached skill level 1 in Short Blades
  1515 | D:2      | Reached skill level 1 in Long Blades
  1515 | D:2      | Reached skill level 1 in Maces & Flails
  1515 | D:2      | Reached skill level 1 in Polearms
  1515 | D:2      | Reached skill level 1 in Staves
  1515 | D:2      | Reached skill level 1 in Slings
  1515 | D:2      | Reached skill level 1 in Bows
  1515 | D:2      | Reached skill level 1 in Crossbows
  1515 | D:2      | Reached skill level 1 in Armour
  1515 | D:2      | Reached skill level 1 in Dodging
  1515 | D:2      | Reached skill level 1 in Stealth
  1515 | D:2      | Reached skill level 1 in Shields
  1515 | D:2      | Reached skill level 1 in Unarmed Combat
  1515 | D:2      | Reached skill level 1 in Invocations
  1515 | D:2      | Reached skill level 1 in Evocations
  1590 | D:2      | Reached XP level 4. HP: 28/32 MP: 8/8
  2029 | D:2      | HP: 1/32 [gnoll/+0 spear (7)]
  2425 | D:2      | Reached skill level 1 in Conjurations
  2425 | D:2      | Reached skill level 1 in Hexes
  2425 | D:2      | Reached skill level 1 in Summonings
  2425 | D:2      | Reached skill level 1 in Necromancy
  2425 | D:2      | Reached skill level 1 in Translocations
  2425 | D:2      | Reached skill level 1 in Transmutations
  2425 | D:2      | Reached skill level 1 in Fire Magic
  2425 | D:2      | Reached skill level 1 in Air Magic
  2425 | D:2      | Reached skill level 1 in Earth Magic
  2425 | D:2      | Reached skill level 1 in Poison Magic
  2446 | D:2      | Noticed Natasha
  2452 | D:2      | Killed Natasha
  2603 | D:2      | Reached XP level 5. HP: 37/37 MP: 9/9
  2663 | D:2      | Noticed Natasha
  2674 | D:2      | Killed Natasha
  2894 | D:2      | Found a runed translucent door.
  2895 | D:2      | Noticed Crazy Yiuf
  3383 | D:3      | Reached XP level 6. HP: 37/44 MP: 10/10
  3415 | D:3      | Killed from afar by an orc priest

Illustrated notes

Levels and vault maps discovered:
D:1:      amcnicky_arrival_feature_with_door, layout_basic
D:2:      layout_loops_ring, kennysheep_generic_room_10,
          uniq_crazy_yiuf_cottage, uniq_natasha
D:3:      layout_basic

Skill      XL: |  1  2  3  4  5 |
---------------+----------------+-----
Fighting       | 1 |  1.7
Short Blades   | 1 |  1.7
Long Blades    | 1 |  1.7
Maces & Flails | 1 |  1.7
Polearms       | 1 |  1.7
Staves         | 1 |  1.7
Slings         | 1 |  1.7
Bows           | 1 |  1.7
Crossbows      | 1 |  1.7
Armour         | 1 |  1.7
Dodging        | 1 |  1.7
Stealth        | 1 |  1.7
Shields        | 1 |  1.7
Unarmed Combat | 1 |  1.7
Invocations    | 1 |  1.9
Evocations     | 1 |  1.7
Spellcasting   | 3 |  3.3
Conjurations   | 1 |  1.3
Hexes          | 1 |  1.3
Summonings     | 1 |  1.3
Necromancy     | 1 |  1.3
Translocations | 1 |  1.3
Transmutations | 1 |  1.3
Fire Magic     | 1 |  1.3
Air Magic      | 1 |  1.3
Earth Magic    | 1 |  1.3
Poison Magic   | 1 |  1.3
Axes           | 3 |  3.1
Throwing       | |  6.7
Ice Magic      | |  8.9

Action                   |  1- 3 |  4- 6 || total
-------------------------+-------+-------++-------
Melee: Hand axe          |    37 |       ||    37
       Bite              |     6 |    20 ||    26
       Dagger            |    44 |   147 ||   191
       Punch             |       |     3 ||     3
Armor: Leather armour    |    21 |    23 ||    44
       Chain mail        |       |    39 ||    39
Dodge: Dodged            |    38 |    50 ||    88
